 Dungeon Sprint DCSS version 0.17-a0-1691-g18a3847 (webtiles) character file.

120714 Kidiri the Ninja (level 16, -2/67 HPs)
             Began as a Spriggan Enchanter on Aug 20, 2015.
             Was the Champion of Dithmenos.
             Succumbed to an emperor scorpion's poison
             ... in the Dungeon (Sprint III: "The Ten Rune Challenge").
             The game lasted 01:11:41 (13731 turns).

Kidiri the Ninja (Spriggan Enchanter)              Turns: 13731, Time: 01:11:41

Health: -2/67      AC:  5    Str: 11    XL:     16   Next: 0%
Magic:  1/43       EV: 41    Int: 25    God:    Dithmenos [******]
Gold:   1673       SH:  2    Dex: 21    Spells: 17 memorised, 1 level left

rFire  + + .     SeeInvis +     u - +0 long sword (holy)
rCold  + + .     Clarity  +     F - +0 robe {rC+ rF+}
rNeg   . . .     SustAt   .     (shield restricted)
rPois  .         Gourm    .     o - +0 hat {Int+3}
rElec  +         Spirit   +     l - +0 cloak
rCorr  .         Warding  .     (gloves unavailable)
rMut   .         NoTele   +     (boots unavailable)
MR     ++...                    y - amulet of guardian spirit
Stlth  ++++++++++               G - ring of protection from fire
                                a - ring "Arumam" {rElec rC+ Str+2 Int+3 Slay+2}

@: mighty, lethally poisoned (-2 -> -42), wreathed by umbra, very quick, very
resistant to hostile enchantments, uncannily stealthy
A: unfitting armour, large bone plates 1, see invisible, clarity, herbivore 3,
speed 3, mutation resistance 1, slow metabolism 2
a: Shadow Step, Shadow Form, Renounce Religion
}: 1/10 runes: serpentine


You were in the Dungeon.
You worshipped Dithmenos.
Dithmenos was exalted by your worship.
You were hungry.

You visited 1 branch You collected 3650 gold pieces.
You spent 1977 gold pieces at shops.

Inventory:

Hand weapons
 j - the +4 quick blade of Symmetry {pierce, *Drain Dex+6}
   (You found it in the Dungeon)

   It inflicts extra damage upon your enemies.
   It affects your dexterity (+6).
   It causes draining when unequipped.
 u - a +0 long sword of holy wrath (weapon)
Missiles
 f - 10 throwing nets (quivered)
Armour
 l - a +0 cloak (worn)
 o - a +0 hat of intelligence (worn)
 F - a +0 robe of resistance (worn)
Jewellery
 a - the ring "Arumam" (left hand) {rElec rC+ Str+2 Int+3 Slay+2}
   (You bought it in a shop in the Dungeon)

   [ring of protection from cold]

   It affects your strength (+2).
   It affects your intelligence (+3).
   It affects your accuracy and damage with ranged weapons and melee attacks
   (+2).
   It protects you from cold.
   It insulates you from electricity.
 y - an amulet of guardian spirit (around neck)
 G - a ring of protection from fire (right hand)
Magical devices
 b - a wand of magic darts (25)
 k - a wand of heal wounds (2)
 z - a wand of disintegration (8)
Scrolls
 h - a scroll of silence
 p - 2 scrolls of remove curse
 w - a scroll of recharging {unknown}
Potions
 d - a potion of ambrosia {unknown}
 g - 2 potions of haste
 i - a potion of berserk rage
 m - a potion of agility {unknown}
 r - 3 potions of cure mutation
 t - 2 potions of flight
Comestibles
 c - 25 royal jellies
 q - 10 fruits
 A - a bread ration


   Skills:
 + Level 15.5 Short Blades
 * Level 25.6 Dodging
 O Level 27 Stealth
 * Level 22.3 Spellcasting
 + Level 11.2 Conjurations
 + Level 16.9 Hexes
 + Level 8.1 Summonings
 + Level 3.1 Transmutations
 + Level 12.2 Ice Magic
 + Level 12.7 Air Magic
 + Level 2.2 Earth Magic
 + Level 13.6 Poison Magic
 - Level 3.1 Invocations


You had one spell level left.
You knew the following spells:

 Your Spells              Type           Power        Failure   Level  Hunger
a - Corona                Hex            #######      0%          1    None
b - Ensorcelled Hibernat  Hex/Ice        ######       0%          2    None
c - Confuse               Hex            #######.     0%          3    None
d - Tukima's Dance        Hex            #######.     0%          3    None
e - Dazzling Spray        Conj/Hex       #######.     0%          3    None
f - Cure Poison           Pois           #######...   0%          2    None
g - Mephitic Cloud        Conj/Pois/Air  ######..     1%          3    None
h - Olgreb's Toxic Radia  Pois           #######.     1%          4    None
i - Venom Bolt            Conj/Pois      ######....   1%          5    None
j - Freezing Cloud        Conj/Ice/Air   ######....   1%          6    None
k - Poisonous Cloud       Conj/Pois/Air  ######....   1%          6    None
l - Summon Guardian Gole  Hex/Summ       ######..     1%          3    None
m - Lee's Rapid Deconstr  Erth           #####.....   17%         5    None
n - Call Canine Familiar  Summ           ######..     1%          3    None
o - Condensation Shield   Ice            ######....   1%          4    None
p - Stoneskin             Trmt/Erth      #####...     1%          2    None
q - Passwall              Trmt/Erth      #####.....   1%          3    None


Dungeon Overview and Level Annotations

Branches:
Dungeon (1/1)

Altars:
Cheibriados
Dithmenos
Elyvilon
Fedhas
Gozag
Kikubaaqudgha
Makhleb
Nemelex Xobeh
Okawaru
Qazlal
Ru
Sif Muna
Trog
Vehumet
Xom
Yredelemnul
Zin
The Shining One
Beogh
Jiyva
Lugonu

Shops:
D (=?:[?[%}%}!!?%=}:}[(([!


Innate Abilities, Weirdness & Mutations

You are tiny and cannot use many weapons and most armour.
You have supernaturally acute eyesight.
You are a herbivore.
You cover ground extremely quickly.
You need consume almost no food.
You are partially covered in large bone plates (AC +2, SH +2).
You possess an exceptional clarity of mind.
You are somewhat resistant to further mutation.


Message History

Okay, then.
Unknown command.
Drink which item? (? for menu, Esc to quit)
You feel better.
The greater mummy completely misses you.
The emperor scorpion stings you!!
* * * LOW HITPOINT WARNING * * *
You emit a cloud of dark smoke.
You are lethally poisoned!
The emperor scorpion poisons you! The emperor scorpion claws you.
* * * LOW HITPOINT WARNING * * *
The emperor scorpion claws you but does no damage.
The soul eater completely misses you.
The emperor scorpion completely misses you. x2
The emperor scorpion claws you.
* * * LOW HITPOINT WARNING * * *
You slash the greater mummy!
The greater mummy convulses.
The greater mummy is severely damaged.
Your shadow barely misses the greater mummy.
You die...

.[[.▓..#...^..........#
.≈#.▓..#...........^^.#
.≈#.▓..#..##########..#
#+##▓..#..#..MM.Z=?#..#
#...▓..#..#M.MMM|)}#..#
###.▓..#..#W§.MM["=#..#
....▓..#..#§§M..φ})#.^#
+###▓..#.^#§########..#
▓^.#..#§§§sM@s§.^.#
▓..'..#§§§§§3s§..^#
▓##################
+###▓ #.#%▓ .#.#▓ #.#.▓
▓▓▓▓▓


You could see a greater mummy, 3 emperor scorpions and a soul eater.

Vanquished Creatures
  Mara (D)
  Boris (D)
  Norris (D)
  2 bone dragons (D)
  Rupert (D)
  A lich (D)
  A deep elf master archer (D)
  2 sphinxes (D)
  Gastronok (D)
  Chuck (D)
  2 shadow dragons (D)
  Dowan (D)
  Roxanne (D)
  A greater naga (D)
  Maud (D)
  2 vampire knights (D)
  2 dire elephants (D)
  2 deep elf annihilators (D)
  Snorg (D)
  A fire dragon (D)
  7 mummy priests (D)
  2 deep elf death magi (D)
  A yaktaur captain (D)
  A naga warrior (D)
  2 centaur warriors (D)
  2 hydras (D)
  4 anacondas (D)
  4 dancing weapons (D)
  4 death yaks (D)
  An ogre mage (D)
  A small abomination (D)
  3 orc high priests (D)
  A shadow wraith (D)
  A sea snake (shapeshifter) (D)
  5 skeletal warriors (D)
  3 death drakes (D)
  A spriggan druid (D)
  An unseen horror (D)
  A golden dragon zombie (D)
  An anaconda zombie (D)
  A spectral iron dragon (D)
  2 deep elf summoners (D)
  An obsidian statue (D)
  An anubis guard (shapeshifter) (D)
  A lindwurm (D)
  4 deep elf conjurers (D)
  An orc sorcerer (D)
  2 ugly things (D)
  2 orc knights (D)
  4 crystal guardians (D)
  A wolf spider (shapeshifter) (D)
  2 oklob plants (D)
  A water nymph (shapeshifter) (D)
  An elephant (shapeshifter) (D)
  2 elephants (D)
  2 spiny frogs (D)
  A sixfirhy (D)
  A guardian serpent (D)
  2 stone giant skeletons (D)
  5 black mambas (D)
  4 statues (D)
  An eye of devastation (shapeshifter) (D)
  A molten gargoyle (D)
  Duvessa (D)
  An orange crystal statue (D)
  2 iron troll simulacra (D)
  A fire drake (D)
  A komodo dragon (D)
  2 deep elf priests (D)
  A queen bee (D)
  14 guardian mummies (D)
  4 spriggan defenders (D)
  A red devil (D)
  3 wandering mushrooms (D)
  8 blink frogs (D)
  8 slime creatures (D)
  2 spriggans (D)
  3 redbacks (D)
  A redback (shapeshifter) (D)
  A shadow (D)
  2 nagas (D)
  A spatial vortex (D)
  7 water moccasins (D)
  A hydra simulacrum (D)
  A swamp drake (D)
  An orc warrior (D)
  3 wasps (D)
  A swamp dragon skeleton (D)
  2 centaurs (D)
  2 brain worms (D)
  An earth elemental (D)
  A necrophage (D)
  A water elemental (D)
  25 killer bees (D)
  An electric eel (D)
  A jelly (D)
  2 orc priests (D)
  4 orc wizards (D)
  Crazy Yiuf (D)
  4 necromancers (D)
  A wizard (D)
  3 humans (D)
  A kobold demonologist (D)
  2 adders (D)
  An adder zombie (D)
  7 orcs (D)
  2 goblins (D)
  A jackal zombie (D)
  4 rats (D)
  4 bushes (D)
  17 plants (D)
274 creatures vanquished.

Vanquished Creatures (collateral kills)
  3 vampire knights (D)
  4 killer bees (D)
7 creatures vanquished.

Vanquished Creatures (others)
  2 draconian scorchers (D)
  Nessos (D)
  2 mummy priests (D)
  2 dancing weapons (D)
  2 yaktaurs (D)
  2 guardian mummies (D)
  3 killer bees (D)
  4 bushes (D)
  A plant (D)
19 creatures vanquished.

Grand Total: 300 creatures vanquished

Notes
Turn   | Place    | Note
--------------------------------------------------------------
     0 | D        | Kidiri the Spriggan Enchanter began the quest for the Orb.
     0 | D        | Reached XP level 1. HP: 9/9 MP: 5/5
    49 | D        | Killed a yaktaur
   171 | D        | Killed a white draconian scorcher
   199 | D        | Killed a white draconian scorcher
   353 | D        | Reached skill level 6 in Stealth
   353 | D        | Reached XP level 2. HP: 4/13 MP: 5/8
   357 | D        | Learned a level 2 spell: Ensorcelled Hibernation
   561 | D        | Noticed Crazy Yiuf
   567 | D        | Killed Crazy Yiuf
   567 | D        | Reached skill level 5 in Dodging
   567 | D        | Reached skill level 5 in Spellcasting
   567 | D        | Reached XP level 3. HP: 16/16 MP: 6/10
   603 | D        | Gained mutation: You can spit weak poison. [potion of mutation]
   603 | D        | Gained mutation: You are partially covered in slimy green scales (AC +2). [potion of mutation]
   604 | D        | Gained mutation: You are clumsy. (Dex -2) [potion of mutation]
   604 | D        | Gained mutation: You are very clumsy. (Dex -4) [potion of mutation]
   605 | D        | Lost mutation: You can spit weak poison. [potion of cure mutation]
   605 | D        | Lost mutation: You are very clumsy. (Dex -4) [potion of cure mutation]
   605 | D        | Lost mutation: You are clumsy. (Dex -2) [potion of cure mutation]
   605 | D        | Lost mutation: You are partially covered in slimy green scales (AC +2). [potion of cure mutation]
   636 | D        | Learned a level 3 spell: Confuse
   640 | D        | Learned a level 3 spell: Tukima's Dance
   644 | D        | Learned a level 3 spell: Dazzling Spray
   666 | D        | Noticed a water elemental
   668 | D        | Killed a water elemental
   668 | D        | Reached skill level 7 in Stealth
   668 | D        | Reached skill level 1 in Conjurations
   668 | D        | Reached skill level 5 in Hexes
   668 | D        | Reached skill level 1 in Ice Magic
   668 | D        | Reached XP level 4. HP: 21/21 MP: 10/12
   687 | D        | Noticed a jelly
   688 | D        | Noticed a shadow
   693 | D        | Killed a jelly
   693 | D        | Reached skill level 8 in Stealth
   693 | D        | Reached XP level 5. HP: 24/24 MP: 12/14
   737 | D        | Killed a shadow
   737 | D        | Reached skill level 10 in Stealth
   737 | D        | Reached XP level 6. HP: 23/28 MP: 3/17
   927 | D        | Found a stormy altar of Qazlal.
   928 | D        | Found a sacrificial altar of Ru.
   928 | D        | Found a burning altar of Makhleb.
   928 | D        | Found a viscous altar of Jiyva.
   928 | D        | Found a shimmering altar of Xom.
   928 | D        | Found a shadowy altar of Dithmenos.
   928 | D        | Found a sparkling altar of Nemelex Xobeh.
   928 | D        | Found a corrupted altar of Lugonu.
   928 | D        | Found an opulent altar of Gozag.
   928 | D        | Noticed a spatial vortex
   932 | D        | Became a worshipper of Dithmenos the Shadowed
   933 | D        | Killed a spatial vortex
   933 | D        | Reached skill level 1 in Invocations
   958 | D        | Found a radiant altar of Vehumet.
   959 | D        | Found a deep blue altar of Sif Muna.
   959 | D        | Found an ancient bone altar of Kikubaaqudgha.
   959 | D        | Noticed a wizard
   960 | D        | Killed a wizard
   960 | D        | Reached skill level 5 in Short Blades
   962 | D        | Reached skill level 11 in Stealth
   976 | D        | Learned a level 2 spell: Cure Poison
   980 | D        | Learned a level 3 spell: Mephitic Cloud
   985 | D        | Learned a level 4 spell: Olgreb's Toxic Radiance
   990 | D        | Found a glowing silver altar of Zin.
   991 | D        | Found a glowing golden altar of the Shining One.
   991 | D        | Found a white marble altar of Elyvilon.
   991 | D        | Noticed a deep elf priest
   993 | D        | Killed a deep elf priest
   993 | D        | Reached skill level 10 in Dodging
   993 | D        | Reached skill level 1 in Air Magic
   993 | D        | Reached skill level 1 in Poison Magic
   993 | D        | Reached XP level 7. HP: 32/32 MP: 18/20
  1005 | D        | Found an iron altar of Okawaru.
  1006 | D        | Found a bloodstained altar of Trog.
  1006 | D        | Noticed a human
  1006 | D        | Noticed a human
  1011 | D        | Killed a human
  1011 | D        | Reached skill level 12 in Stealth
  1012 | D        | Killed a human
  1059 | D        | Found a basalt altar of Yredelemnul.
  1059 | D        | Found a snail-covered altar of Cheibriados.
  1059 | D        | Found a blossoming altar of Fedhas.
  1059 | D        | Noticed a necrophage
  1059 | D        | Noticed a necromancer
  1061 | D        | Killed a necrophage
  1061 | D        | Acquired Dithmenos's first power
  1061 | D        | Reached XP level 8. HP: 36/36 MP: 22/22
  1062 | D        | Killed a necromancer
  1076 | D        | Learned a level 5 spell: Venom Bolt
  1204 | D        | Noticed Snorg
  1239 | D        | Killed Snorg
  1239 | D        | Reached skill level 13 in Stealth
  1239 | D        | Reached skill level 10 in Spellcasting
  1406 | D        | Noticed an earth elemental
  1409 | D        | Killed an earth elemental
  1414 | D        | Noticed a centaur
  1414 | D        | Noticed a centaur warrior
  1414 | D        | Noticed a centaur
  1416 | D        | Killed a centaur
  1416 | D        | Reached XP level 9. HP: 39/39 MP: 24/24
  1422 | D        | Killed a centaur
  1426 | D        | Killed a centaur warrior
  1426 | D        | Acquired Dithmenos's second power
  1426 | D        | Reached skill level 14 in Stealth
  1426 | D        | Reached skill level 5 in Ice Magic
  1445 | D        | Noticed an unseen horror
  1447 | D        | Killed an unseen horror
  1491 | D        | Noticed a killer bee
  1491 | D        | Noticed a killer bee
  1491 | D        | Noticed a killer bee
  1491 | D        | Noticed a killer bee
  1491 | D        | Noticed a killer bee
  1491 | D        | Noticed a killer bee
  1491 | D        | Noticed a killer bee
  1491 | D        | Noticed a killer bee
  1491 | D        | Noticed a killer bee
  1491 | D        | Noticed a killer bee
  1491 | D        | Noticed a killer bee
  1491 | D        | Noticed a killer bee
  1491 | D        | Noticed a killer bee
  1491 | D        | Noticed a killer bee
  1491 | D        | Noticed a killer bee
  1492 | D        | Noticed a killer bee
  1492 | D        | Noticed a killer bee
  1492 | D        | Noticed a killer bee
  1492 | D        | Noticed a killer bee
  1492 | D        | Noticed a killer bee
  1492 | D        | Noticed a killer bee
  1492 | D        | Noticed a killer bee
  1492 | D        | Noticed a queen bee
  1492 | D        | Noticed a killer bee
  1492 | D        | Noticed a killer bee
  1492 | D        | Noticed a killer bee
  1492 | D        | Noticed a killer bee
  1492 | D        | Noticed a killer bee
  1492 | D        | Noticed a killer bee
  1492 | D        | Noticed a killer bee
  1492 | D        | Noticed a killer bee
  1492 | D        | Noticed a killer bee
  1492 | D        | Noticed a killer bee
  1493 | D        | Killed a killer bee
  1498 | D        | Killed a killer bee
  1499 | D        | Killed a killer bee
  1499 | D        | Acquired Dithmenos's third power
  1500 | D        | Killed a killer bee
  1501 | D        | Killed a killer bee
  1502 | D        | Killed a killer bee
  1503 | D        | Killed a killer bee
  1504 | D        | Killed a killer bee
  1506 | D        | Killed a killer bee
  1506 | D        | Killed a killer bee
  1507 | D        | Killed a killer bee
  1510 | D        | Killed a killer bee
  1510 | D        | Acquired Dithmenos's fourth power
  1510 | D        | Reached skill level 15 in Stealth
  1511 | D        | Killed a killer bee
  1513 | D        | Killed a killer bee
  1515 | D        | Killed a killer bee
  1527 | D        | Killed a killer bee
  1571 | D        | Killed a killer bee
  1572 | D        | Killed a killer bee
  1658 | D        | Learned a level 6 spell: Freezing Cloud
  1660 | D        | Killed a killer bee
  1660 | D        | Reached XP level 10. HP: 44/44 MP: 27/27
  1665 | D        | Killed a killer bee
  1665 | D        | Reached skill level 5 in Poison Magic
  1668 | D        | Killed a killer bee
  1672 | D        | Killed a killer bee
  1676 | D        | Killed a killer bee
  1680 | D        | Killed a killer bee
  1684 | D        | Killed a killer bee
  1688 | D        | Killed a killer bee
  1688 | D        | Reached skill level 5 in Air Magic
  1692 | D        | Killed a queen bee
  1692 | D        | Reached skill level 5 in Conjurations
  1694 | D        | Killed a killer bee
  1699 | D        | Killed a killer bee
  1701 | D        | Killed a killer bee
  1849 | D        | Killed a killer bee
  1861 | D        | Killed a killer bee
  1865 | D        | Killed a killer bee
  1949 | D        | Noticed a wandering mushroom
  1950 | D        | Noticed a wandering mushroom
  1950 | D        | Noticed a wandering mushroom
  1953 | D        | Killed a wandering mushroom
  1958 | D        | Killed a wandering mushroom
  1960 | D        | Killed a wandering mushroom
  2233 | D        | Noticed a spiny frog
  2233 | D        | Noticed a komodo dragon
  2233 | D        | Noticed a spiny frog
  2235 | D        | Killed a spiny frog
  2238 | D        | Killed a komodo dragon
  2238 | D        | Reached skill level 16 in Stealth
  2240 | D        | Killed a spiny frog
  2248 | D        | Noticed a redback
  2250 | D        | Killed a redback
  2251 | D        | Noticed a brain worm
  2254 | D        | Killed a brain worm
  2254 | D        | Reached skill level 15 in Dodging
  2254 | D        | Reached skill level 10 in Hexes
  2257 | D        | Noticed a brain worm
  2259 | D        | Killed a brain worm
  2265 | D        | Noticed a lindwurm
  2267 | D        | Noticed a redback
  2268 | D        | Killed a lindwurm
  2270 | D        | Killed a redback
  2276 | D        | Noticed a redback
  2277 | D        | Killed a redback
  2278 | D        | Noticed Maud
  2282 | D        | Killed Maud
  2282 | D        | Reached skill level 17 in Stealth
  2282 | D        | Reached XP level 11. HP: 35/47 MP: 25/29
  2364 | D        | Noticed an electric eel
  2365 | D        | Noticed a seven-headed hydra
  2365 | D        | Noticed a four-headed hydra
  2368 | D        | Killed an electric eel
  2376 | D        | Killed a four-headed hydra
  2446 | D        | Killed a yaktaur
  2495 | D        | Killed a seven-headed hydra
  2625 | D        | Noticed a death drake
  2628 | D        | Killed a death drake
  2638 | D        | Found a blossoming altar of Fedhas.
  2638 | D        | Noticed a spriggan
  2638 | D        | Noticed a spriggan druid
  2638 | D        | Noticed a spriggan
  2640 | D        | Killed a spriggan druid
  2641 | D        | Killed a spriggan
  2642 | D        | Killed a spriggan
  2668 | D        | Learned a level 6 spell: Poisonous Cloud
  2682 | D        | Noticed a black mamba
  2685 | D        | Noticed a water moccasin
  2686 | D        | Killed a black mamba
  2688 | D        | Killed a water moccasin
  2708 | D        | Noticed a water moccasin
  2708 | D        | Noticed a water moccasin
  2708 | D        | Noticed a water moccasin
  2708 | D        | Noticed an anaconda
  2708 | D        | Noticed a water moccasin
  2708 | D        | Noticed an anaconda
  2708 | D        | Noticed a black mamba
  2708 | D        | Noticed a water moccasin
  2709 | D        | Killed an anaconda
  2709 | D        | Reached skill level 18 in Stealth
  2711 | D        | Killed a water moccasin
  2712 | D        | Killed a water moccasin
  2714 | D        | Killed a black mamba
  2723 | D        | Killed an anaconda
  2723 | D        | Reached skill level 10 in Short Blades
  2725 | D        | Killed a water moccasin
  2727 | D        | Killed a water moccasin
  2729 | D        | Killed a water moccasin
  2783 | D        | Noticed a water moccasin
  2783 | D        | Noticed an anaconda
  2783 | D        | Noticed a black mamba
  2784 | D        | Noticed an anaconda
  2785 | D        | Killed an anaconda
  2787 | D        | Killed a water moccasin
  2788 | D        | Killed a black mamba
  2788 | D        | Reached skill level 15 in Spellcasting
  2796 | D        | Killed an anaconda
  2796 | D        | Reached XP level 12. HP: 49/51 MP: 19/32
  2852 | D        | Noticed a naga
  2852 | D        | Noticed a naga
  2853 | D        | Noticed a naga warrior
  2853 | D        | Noticed a greater naga
  2853 | D        | Found Nidgh's Book Shop.
  2853 | D        | Found Wesynaurph's Antique Armour Shoppe.
  2854 | D        | Killed a naga
  2855 | D        | Killed a naga
  2856 | D        | Found Bereduiw's Magic Scroll Boutique.
  2857 | D        | Killed a naga warrior
  2858 | D        | Killed a greater naga
  2858 | D        | Reached skill level 19 in Stealth
  2871 | D        | Noticed a guardian serpent
  2873 | D        | Killed a guardian serpent
  2875 | D        | Got a serpentine rune of Zot
  2961 | D        | Noticed a swamp drake
  2961 | D        | Noticed a fire drake
  2963 | D        | Killed a fire drake
  2965 | D        | Killed a swamp drake
  2991 | D        | Noticed a blink frog
  2991 | D        | Noticed a blink frog
  2992 | D        | Noticed a blink frog
  2993 | D        | Noticed a blink frog
  2995 | D        | Killed a blink frog
  2997 | D        | Killed a blink frog
  2998 | D        | Noticed a blink frog
  3000 | D        | Killed a blink frog
  3003 | D        | Killed a blink frog
  3005 | D        | Killed a blink frog
  3047 | D        | Noticed Rupert
  3049 | D        | Killed Rupert
  3088 | D        | Noticed a death yak
  3089 | D        | Noticed a death yak
  3089 | D        | Noticed a blink frog
  3090 | D        | Noticed an azure jelly
  3090 | D        | Noticed a death yak
  3090 | D        | Noticed an azure jelly
  3090 | D        | Noticed a blink frog
  3090 | D        | Noticed a death yak
  3091 | D        | Killed a death yak
  3092 | D        | Killed a death yak
  3093 | D        | Killed a blink frog
  3093 | D        | Reached skill level 20 in Stealth
  3094 | D        | Noticed a blink frog
  3094 | D        | Noticed a black mamba
  3095 | D        | Killed a death yak
  3096 | D        | Noticed a black mamba
  3097 | D        | Killed a blink frog
  3098 | D        | Killed a blink frog
  3099 | D        | Killed a death yak
  3102 | D        | Killed a black mamba
  3103 | D        | Killed a black mamba
  3147 | D        | Noticed a death drake
  3147 | D        | Noticed a swamp dragon skeleton
  3150 | D        | Killed a death drake
  3153 | D        | Noticed a death drake
  3154 | D        | Found Jong's Antique Weapon Shoppe.
  3155 | D        | Killed a death drake
  3156 | D        | Found Ykok's Jewellery Boutique.
  3157 | D        | Found Jorghus's Magic Scroll Emporium.
  3159 | D        | Killed a swamp dragon skeleton
  3702 | D        | Noticed an azure jelly
  3702 | D        | Noticed an azure jelly
  3852 | D        | Noticed an elephant
  3852 | D        | Noticed an elephant
  3852 | D        | Noticed a dire elephant
  3852 | D        | Noticed a dire elephant
  3852 | D        | Noticed Gastronok
  3854 | D        | Killed Gastronok
  3854 | D        | Reached XP level 13. HP: 55/55 MP: 34/34
  3855 | D        | Killed a dire elephant
  3857 | D        | Killed a dire elephant
  3862 | D        | Killed an elephant
  3864 | D        | Killed an elephant
  3864 | D        | Reached skill level 21 in Stealth
  4038 | D        | Found Epiyr's Armour Boutique.
  4038 | D        | Found a roughly hewn altar of Beogh.
  4038 | D        | Noticed an orc high priest
  4038 | D        | Noticed an orc wizard
  4038 | D        | Noticed an orc warrior
  4038 | D        | Noticed an orc knight
  4038 | D        | Noticed an orc wizard
  4039 | D        | Noticed an orc sorcerer
  4039 | D        | Noticed an orc wizard
  4039 | D        | Noticed an orc knight
  4040 | D        | Noticed an orc wizard
  4041 | D        | Killed an orc wizard
  4041 | D        | Killed an orc wizard
  4041 | D        | Killed an orc wizard
  4044 | D        | Killed an orc sorcerer
  4047 | D        | Killed an orc high priest
  4047 | D        | Killed an orc knight
  4050 | D        | Killed an orc warrior
  4066 | D        | Killed an orc knight
  4090 | D        | Killed an orc wizard
  4186 | D        | Noticed a deep elf conjurer
  4186 | D        | Noticed a deep elf summoner
  4186 | D        | Noticed a deep elf summoner
  4186 | D        | Noticed a deep elf conjurer
  4186 | D        | Noticed a deep elf priest
  4207 | D        | Killed a deep elf conjurer
  4207 | D        | Reached skill level 10 in Poison Magic
  4208 | D        | Killed a deep elf summoner
  4212 | D        | Killed a deep elf conjurer
  4214 | D        | Killed a deep elf priest
  4236 | D        | Killed a deep elf summoner
  4288 | D        | Noticed a deep elf annihilator
  4292 | D        | Noticed a deep elf death mage
  4384 | D        | Noticed a deep elf conjurer
  4386 | D        | Noticed a deep elf death mage
  4391 | D        | Killed a deep elf conjurer
  4392 | D        | Noticed a deep elf conjurer
  4440 | D        | Noticed a deep elf annihilator
  4444 | D        | Killed a deep elf conjurer
  4455 | D        | Killed a deep elf annihilator
  4457 | D        | Noticed a deep elf master archer
  4617 | D        | Killed a deep elf death mage
  4642 | D        | Killed a deep elf annihilator
  4702 | D        | Killed a deep elf master archer
  4702 | D        | Reached skill level 22 in Stealth
  4856 | D        | Killed Nessos
  5356 | D        | Killed a deep elf death mage
  5373 | D        | Got a jewelled falchion
  5387 | D        | Identified Wolecvie's Guide on Creation
  5504 | D        | Learned a level 3 spell: Summon Guardian Golem
  5506 | D        | Learned a level 1 spell: Summon Butterflies
  5512 | D        | Learned a level 5 spell: Shadow Creatures
  5621 | D        | Noticed Dowan
  5621 | D        | Noticed Duvessa
  5623 | D        | Killed Dowan
  5634 | D        | Killed Duvessa
  5634 | D        | Reached skill level 1 in Summonings
  5634 | D        | Reached skill level 10 in Air Magic
  5641 | D        | Noticed an orc priest
  5641 | D        | Noticed an orc high priest
  5642 | D        | Noticed an orc priest
  5642 | D        | Noticed an orc high priest
  5647 | D        | Killed an orc priest
  5652 | D        | Killed an orc high priest
  5654 | D        | Killed an orc high priest
  5672 | D        | Killed an orc priest
  5793 | D        | Noticed a spriggan defender
  5794 | D        | Noticed a spriggan defender
  5794 | D        | Noticed a spriggan defender
  5794 | D        | Noticed a spriggan defender
  5795 | D        | Killed a spriggan defender
  5796 | D        | Killed a spriggan defender
  5798 | D        | Killed a spriggan defender
  5799 | D        | Killed a spriggan defender
  5799 | D        | Reached skill level 10 in Ice Magic
  5909 | D        | Noticed a slime creature
  5909 | D        | Noticed a sea snake
  5911 | D        | Killed a slime creature
  5913 | D        | Killed a sea snake
  6034 | D        | Noticed a slime creature
  6036 | D        | Killed a slime creature
  6048 | D        | Noticed a centaur warrior
  6052 | D        | Killed a centaur warrior
  6061 | D        | Noticed a fire dragon
  6061 | D        | Noticed a water nymph
  6061 | D        | Noticed a wolf spider
  6063 | D        | Killed a fire dragon
  6063 | D        | Reached XP level 14. HP: 59/59 MP: 37/37
  6064 | D        | Killed a wolf spider
  6067 | D        | Killed a water nymph
  6096 | D        | Noticed a war axe of pain
  6096 | D        | Noticed a war axe of chopping
  6097 | D        | Noticed a short sword of venom
  6098 | D        | Noticed a hand axe of electrocution
  6099 | D        | Killed a short sword of venom
  6101 | D        | Killed a hand axe of electrocution
  6104 | D        | Killed a war axe of chopping
  6104 | D        | Reached skill level 23 in Stealth
  6105 | D        | Killed a war axe of pain
  6119 | D        | Got a polished quick blade
  6120 | D        | Identified the +4 quick blade of Symmetry {pierce, *Drain Dex+6} (You found it in the Dungeon)
  6268 | D        | Noticed an orange crystal statue
  6288 | D        | Killed an orange crystal statue
  6392 | D        | Found Hipuwem's Book Emporium.
  6392 | D        | Found Nesuxef's Antique Armour Shop.
  6392 | D        | Found Ceher Ani's Jewellery Boutique.
  6392 | D        | Found Wucyos's Distillery.
  6392 | D        | Found Reluiwke's Gadget Boutique.
  6392 | D        | Found Xokkig's Gadget Emporium.
  6392 | D        | Found Lojeanig's Food Shoppe.
  6392 | D        | Found Obbe's Antique Armour Shop.
  6392 | D        | Found Daacab Zit's Magic Scroll Shop.
  6392 | D        | Found Xaihiass's Weapon Emporium.
  6392 | D        | Found Hewaz's Distillery.
  6392 | D        | Found Piaw Keg's Antique Weapon Boutique.
  6412 | D        | Bought the ring "Arumam" {rElec rC+ Str+2 Int+3 Slay+2} for 636 gold pieces
  6418 | D        | Bought a runed cloak for 81 gold pieces
  6465 | D        | Noticed a crystal guardian
  6465 | D        | Noticed a crystal guardian
  6465 | D        | Noticed a crystal guardian
  6465 | D        | Noticed a crystal guardian
  6466 | D        | Killed a crystal guardian
  6468 | D        | Killed a crystal guardian
  6469 | D        | Killed a crystal guardian
  6472 | D        | Killed a crystal guardian
  6538 | D        | Noticed a yaktaur captain
  6538 | D        | Noticed an anubis guard
  6539 | D        | Noticed a white ugly thing
  6540 | D        | Killed an anubis guard
  6545 | D        | Killed a white ugly thing
  6556 | D        | Killed a yaktaur captain
  6704 | D        | Noticed a skeletal warrior
  6706 | D        | Killed a skeletal warrior
  6712 | D        | Noticed a necromancer
  6714 | D        | Killed a necromancer
  6721 | D        | Noticed a bone dragon
  6723 | D        | Killed a bone dragon
  6729 | D        | Noticed a skeletal warrior
  6731 | D        | Killed a skeletal warrior
  6738 | D        | Noticed a skeletal warrior
  6740 | D        | Killed a skeletal warrior
  6746 | D        | Noticed a necromancer
  6748 | D        | Killed a necromancer
  6755 | D        | Noticed a necromancer
  6757 | D        | Killed a necromancer
  6764 | D        | Noticed a vampire knight
  6787 | D        | Killed a vampire knight
  6923 | D        | Noticed a bone dragon
  7856 | D        | Noticed a bone dragon
  7858 | D        | Killed a bone dragon
  7858 | D        | Reached skill level 24 in Stealth
  7858 | D        | Reached skill level 15 in Hexes
  7864 | D        | Noticed a guardian mummy
  7866 | D        | Killed a guardian mummy
  7872 | D        | Noticed a guardian mummy
  7874 | D        | Killed a guardian mummy
  7890 | D        | Noticed a bone dragon
  7976 | D        | Noticed a vampire knight
  7984 | D        | Killed a vampire knight
  8095 | D        | Noticed a vampire knight
  8105 | D        | Killed a vampire knight
  8180 | D        | Noticed a mummy priest
  8180 | D        | Noticed a mummy priest
  8181 | D        | Noticed a sphinx
  8181 | D        | Noticed a sphinx
  8181 | D        | Noticed a mummy priest
  8215 | D        | Killed a mummy priest
  8385 | D        | Killed a mummy priest
  8387 | D        | Killed a sphinx
  8388 | D        | Killed a sphinx
  8388 | D        | Reached skill level 5 in Summonings
  8390 | D        | Killed a mummy priest
  8457 | D        | Noticed a guardian mummy
  8459 | D        | Killed a guardian mummy
  8459 | D        | Reached skill level 10 in Conjurations
  8481 | D        | Noticed a mummy priest
  8481 | D        | Noticed a guardian mummy
  8481 | D        | Noticed a guardian mummy
  8483 | D        | Killed a guardian mummy
  8514 | D        | Killed a mummy priest
  8515 | D        | Killed a guardian mummy
  8652 | D        | Noticed a guardian mummy
  8653 | D        | Noticed a mummy priest
  8654 | D        | Killed a guardian mummy
  8776 | D        | Noticed a guardian mummy
  8776 | D        | Noticed a guardian mummy
  8776 | D        | Noticed a guardian mummy
  8777 | D        | Killed a mummy priest
  8874 | D        | Noticed a mummy priest
  8875 | D        | Killed a guardian mummy
  8876 | D        | Killed a guardian mummy
  8877 | D        | Killed a guardian mummy
  8877 | D        | Reached skill level 25 in Stealth
  8879 | D        | Killed a mummy priest
  8879 | D        | Reached XP level 15. HP: 61/61 MP: 31/40
  9821 | D        | Learned a level 3 spell: Call Canine Familiar
  9830 | D        | Learned a level 4 spell: Condensation Shield
  9906 | D        | Noticed a fire elementalist statue
  9906 | D        | Noticed a water elementalist statue
  9906 | D        | Noticed an earth elementalist statue
  9906 | D        | Noticed an air elementalist statue
  9917 | D        | Killed a water elementalist statue
 10065 | D        | Killed a fire elementalist statue
 10075 | D        | Killed an air elementalist statue
 10096 | D        | Killed an earth elementalist statue
 10303 | D        | Noticed an anaconda zombie
 10305 | D        | Killed an anaconda zombie
 10309 | D        | Noticed a golden dragon zombie
 10311 | D        | Killed a golden dragon zombie
 10324 | D        | Found Vijuzxeb's Gadget Emporium.
 10324 | D        | Found Basias's Gadget Shop.
 10324 | D        | Found Areshro's Food Shop.
 10324 | D        | Found Maamixus's Distillery.
 10324 | D        | Noticed an oklob plant
 10325 | D        | Noticed an oklob plant
 10326 | D        | Killed an oklob plant
 10327 | D        | Killed an oklob plant
 10328 | D        | Bought a potion of beneficial mutation for 420 gold pieces
 10328 | D        | Bought 2 potions of beneficial mutation for 840 gold pieces
 10328 | D        | Gained mutation: You are partially covered in large bone plates (AC +2, SH +2). [potion of beneficial mutation]
 10329 | D        | Gained mutation: You possess an exceptional clarity of mind. [potion of beneficial mutation]
 10330 | D        | Gained mutation: You are somewhat resistant to further mutation. [potion of beneficial mutation]
 10339 | D        | Noticed a shadow wraith
 10339 | D        | Noticed a skeletal warrior
 10339 | D        | Noticed a mummy priest
 10340 | D        | Noticed a skeletal warrior
 10341 | D        | Killed a mummy priest
 10344 | D        | Killed a shadow wraith
 10399 | D        | Killed a skeletal warrior
 10503 | D        | Killed a skeletal warrior
 10590 | D        | Noticed Roxanne
 10600 | D        | Found Nuyd's Food Boutique.
 10600 | D        | Noticed an iron troll simulacrum
 10628 | D        | Killed an iron troll simulacrum
 10853 | D        | Noticed a wasp
 10856 | D        | Killed a wasp
 10863 | D        | Noticed a wasp
 10868 | D        | Killed a wasp
 10876 | D        | Noticed a wasp
 10881 | D        | Killed a wasp
 10916 | D        | Noticed a large slime creature
 10916 | D        | Noticed a slime creature
 10916 | D        | Noticed a slime creature
 10916 | D        | Noticed a slime creature
 10917 | D        | Killed a slime creature
 10919 | D        | Killed a large slime creature
 10921 | D        | Killed a slime creature
 10923 | D        | Killed a slime creature
 10957 | D        | Noticed a molten gargoyle
 10957 | D        | Noticed a vampire knight
 10957 | D        | Noticed Mara
 10957 | D        | Noticed a vampire knight
 10959 | D        | Killed a molten gargoyle
 10961 | D        | Killed Mara
 10997 | D        | Killed a vampire knight
 10999 | D        | Killed a vampire knight
 10999 | D        | Reached skill level 26 in Stealth
 11373 | D        | Noticed a spectral iron dragon
 11373 | D        | Noticed an iron troll simulacrum
 11373 | D        | Noticed Boris
 11373 | D        | Noticed a five-headed hydra simulacrum
 11373 | D        | Noticed a stone giant skeleton
 11374 | D        | Noticed a stone giant skeleton
 11375 | D        | Killed a stone giant skeleton
 11377 | D        | Killed Boris
 11378 | D        | Killed a spectral iron dragon
 11387 | D        | Killed a five-headed hydra simulacrum
 11393 | D        | Killed a stone giant skeleton
 11538 | D        | Killed an iron troll simulacrum
 11825 | D        | Killed Roxanne
 11827 | D        | Identified Roxanne's Guide on Mutagenic Earth (You took it off Roxanne in the Dungeon)
 11831 | D        | Learned a level 2 spell: Stoneskin
 12156 | D        | Noticed Chuck
 12159 | D        | Killed Chuck
 12159 | D        | Reached skill level 15 in Short Blades
 12239 | D        | Noticed an elephant
 12244 | D        | Noticed Norris
 12245 | D        | Killed an elephant
 12248 | D        | Killed Norris
 12271 | D        | Noticed a lich
 12273 | D        | Killed a lich
 12289 | D        | Noticed an eye of devastation
 12289 | D        | Noticed a giant orange brain
 12291 | D        | Killed an eye of devastation
 12292 | D        | a giant orange brain changed into a redback
 12295 | D        | Noticed a purple ugly thing
 12296 | D        | Noticed a shadow dragon
 12296 | D        | Noticed an ogre mage
 12296 | D        | Noticed a shadow dragon
 12308 | D        | Killed a purple ugly thing
 12347 | D        | Learned a level 3 spell: Passwall
 12449 | D        | Killed a shadow dragon
 12449 | D        | Reached skill level 27 in Stealth
 12449 | D        | Reached skill level 1 in Transmutations
 12450 | D        | Killed a shadow dragon
 12450 | D        | Reached skill level 1 in Earth Magic
 12451 | D        | Killed an ogre mage
 12457 | D        | Noticed a slime creature
 12457 | D        | Noticed an obsidian statue
 12457 | D        | Noticed a slime creature
 12460 | D        | Killed a slime creature
 12472 | D        | Killed an obsidian statue
 12484 | D        | Killed a slime creature
 12498 | D        | Learned a level 5 spell: Lee's Rapid Deconstruction
 13236 | D        | Noticed a guardian mummy
 13236 | D        | Noticed a guardian mummy
 13236 | D        | Noticed a mummy priest
 13236 | D        | Noticed a guardian mummy
 13236 | D        | Noticed a guardian mummy
 13236 | D        | Noticed a mummy priest
 13236 | D        | Noticed a greater mummy
 13236 | D        | Noticed a guardian mummy
 13236 | D        | Noticed a guardian mummy
 13236 | D        | Noticed a mummy priest
 13236 | D        | Noticed a greater mummy
 13236 | D        | Noticed a guardian mummy
 13236 | D        | Noticed a guardian mummy
 13236 | D        | Noticed a mummy priest
 13238 | D        | Killed a guardian mummy
 13238 | D        | Killed a guardian mummy
 13238 | D        | Killed a guardian mummy
 13257 | D        | Killed a guardian mummy
 13276 | D        | Killed a mummy priest
 13391 | D        | Killed a guardian mummy
 13446 | D        | Killed a mummy priest
 13446 | D        | Reached XP level 16. HP: 67/67 MP: 43/43
 13477 | D        | Killed a guardian mummy
 13493 | D        | Killed a guardian mummy
 13730 | D        | HP: 2/67 [emperor scorpion[a greater mummy] (2)]
 13731 | D        | Succumbed to an emperor scorpion's poison

Vault maps used:
D:        dungeon_sprint_mu

Action                   |  1- 3 |  4- 6 |  7- 9 | 10-12 | 13-15 | 16-18 || total
-------------------------+-------+-------+-------+-------+-------+-------++-------
Melee: Dagger            |    51 |     5 |    29 |   721 |   217 |       ||  1023
       Quick blade       |       |       |       |       |   417 |       ||   417
       Long sword        |       |       |       |       |     6 |    38 ||    44
 Cast: Corona            |     5 |       |       |       |     1 |       ||     6
       Ensorcelled Hiber |     1 |       |    16 |    36 |     8 |       ||    61
       Dazzling Spray    |       |     9 |     8 |     9 |   219 |    14 ||   259
       Mephitic Cloud    |       |       |     3 |       |     2 |       ||     5
       Confuse           |       |       |       |     2 |     3 |       ||     5
       Poisonous Cloud   |       |       |       |       |     9 |     1 ||    10
       Freezing Cloud    |       |       |       |       |    11 |     1 ||    12
       Tukima's Dance    |       |       |       |       |     7 |       ||     7
       Venom Bolt        |       |       |       |       |     8 |       ||     8
       Summon Guardian G |       |       |       |       |     7 |       ||     7
       Lee's Rapid Decon |       |       |       |       |     4 |       ||     4
       Shadow Creatures  |       |       |       |       |     1 |       ||     1
       Call Canine Famil |       |       |       |       |     1 |       ||     1
       Condensation Shie |       |       |       |       |     1 |       ||     1
       Stoneskin         |       |       |       |       |     1 |       ||     1
Invok: Shadow Step       |       |       |       |    15 |    20 |       ||    35
  Use: Potion            |     4 |     1 |       |       |    10 |     2 ||    17
       Scroll            |     2 |       |       |       |     8 |       ||    10
 Stab: Sleeping          |     5 |     5 |    17 |    74 |    80 |       ||   181
       Invisible         |       |       |     2 |       |     6 |       ||     8
       Confused          |       |       |     2 |       |     3 |       ||     5
  Eat: Bread ration      |       |       |       |     1 |       |       ||     1
       Royal jelly       |       |       |       |     1 |       |       ||     1
       Fruit             |       |       |       |       |     8 |       ||     8
